 Dungeon Crawl Stone Soup version 0.29.1-1-gd02db6906a (webtiles) character file.

Game seed: 4265147532001541309

425 Aibolit the Trooper (level 6, -5/56 HPs)
             Began as a Hill Orc Fighter on Oct 8, 2022.
             Was an Initiate of Okawaru.
             Slain by an ogre
             ... wielding a +0 giant spiked club
              (34 damage)
             ... on level 5 of the Dungeon.
             The game lasted 00:05:42 (3860 turns).

Aibolit the Trooper (Hill Orc Fighter)              Turns: 3860, Time: 00:05:43

Health: -5/56      AC:  9    Str: 21    XL:     6   Next: 96%
Magic:  6/6        EV:  9    Int:  8    God:    Okawaru [......]
Gold:   178        SH:  5    Dex: 10    Spells: 3/5 levels left

rFire   . . .      SeeInvis .   a - +0 war axe
rCold   . . .      Faith    .   c - +0 buckler
rNeg    . . .      Spirit   .   b - +0 scale mail
rPois   .          Reflect  .   i - +0 hat
rElec   .          Harm     .   (no cloak)
rCorr   .          Rampage  .   l - +0 pair of gloves
Will    .....                   e - +0 pair of boots
Stlth   ..........              (no amulet)
HPRegen 0.18/turn               (no ring)
MPRegen 0.10/turn               (no ring)

@: mighty
A: no striking features
a: Renounce Religion


You were on level 5 of the Dungeon.
You worshipped Okawaru.
Okawaru was noncommittal.
You visited 2 branches of the dungeon, and saw 6 of its levels.

You collected 178 gold pieces.

Inventory:

Hand Weapons
 a - a +0 war axe (weapon)
Armour
 b - a +0 scale mail (worn)
 c - a +0 buckler (worn)
 e - a +0 pair of boots (worn)
 i - a +0 hat (worn)
 l - a +0 pair of gloves (worn)
Wands
 y - a wand of roots (9)
Scrolls
 g - 2 scrolls of amnesia
 h - 2 scrolls of teleportation
 k - a scroll of enchant weapon {unknown}
 o - 2 scrolls of fear {unknown}
 q - a scroll of immolation {unknown}
 t - 3 scrolls of magic mapping {unknown}
 w - a scroll of vulnerability {unknown}
Potions
 f - 2 potions of haste {unknown}
 j - 7 potions of curing
 m - 2 potions of brilliance {unknown}
 n - 2 potions of degeneration {unknown}
 p - a potion of berserk rage {unknown}
 r - a potion of invisibility
 s - a potion of attraction {unknown}
 u - a potion of flight {unknown}
 v - a potion of heal wounds {unknown}
 x - a potion of lignification {unknown}


   Skills:
 + Level 5.4 Fighting
 + Level 5.3 Axes
 + Level 5.0 Armour
 + Level 5.0 Shields


You had 3 spell levels left.
You knew the following spells:

 Your Spells              Type           Power      Damage    Failure   Level
a - Blink                 Tloc           0%         N/A       91%         2

Your spell library contained the following spells:

 Spells                   Type           Power      Damage    Failure   Level
 Passage of Golubria      Tloc           0%         N/A       100%        4
 Alistair's Intoxication  Tmut/Pois      0%         N/A       100%        5
 Borgnjor's Vile Clutch   Necr/Erth      0%         N/A       100%        5
 Manifold Assault         Tloc           0%         N/A       100%        5
 Yara's Violent Unravell  Hex/Tmut       0%         3d3       100%        5
 Eringya's Noxious Bog    Tmut/Pois      0%         N/A       100%        6
 Storm Form               Tmut/Air       0%         N/A       100%        7
 Tukima's Dance           Hex            Unusable   N/A       N/A         3

Dungeon Overview and Level Annotations

Branches:
Dungeon (5/15)             Temple (1/1) D:5

Altars:
Ashenzari
Cheibriados
Fedhas
Gozag
Hepliaklqana
Makhleb
Okawaru
Ru
Sif Muna
Vehumet
Wu Jian
Xom
Zin
The Shining One


Message History

Found a radiant altar of Vehumet.
Found an iron altar of Okawaru.
Found a staircase back to the Dungeon.
Done exploring.
Done exploring.
Done exploring.
There is a staircase back to the Dungeon here.
There is an iron altar of Okawaru here.
You kneel at the altar of Okawaru.
Okawaru welcomes you!
You offer a prayer to Okawaru.
Unknown command.
Press < or > to pray at altars.
Unknown command.
Press < or > to pray at altars.
Unknown command.
Press < or > to pray at altars.
There is an iron altar of Okawaru here.
You offer a prayer to Okawaru.
There is a shimmering blue altar of Sif Muna here.
There is a staircase back to the Dungeon here.
You climb upwards.
Welcome back to the Dungeon!
There is a staircase to the Ecumenical Temple here.
The ogre shouts!
The ogre closely misses you.
You see here a potion of curing.
You hit the ogre.
The ogre is moderately wounded.
You block the ogre's attack.
You hit the ogre but do no damage.
The ogre is moderately wounded.
The ogre hits you with a +0 giant spiked club!!
Ouch! That really hurt!
You are too injured to fight recklessly!
You are too injured to fight recklessly!
You feel very mighty all of a sudden.
You hit the ogre.
The ogre is heavily wounded.
The ogre hits you with a +0 giant spiked club!!
Ouch! That really hurt!
You die...

.#.............(..#
.........#.#.#.#.#..#
#....................
.........#.......#...
#..................#
##.......#[)[>...#...
#....................
#....[...#.......#...
#^.........@.......##
#.....<..#.#O#.#.#.#
#..................#
#..#.......##..#.......
. #.......##..........
#.......(..........
....####...........#
..... ...........##
....# .........##


You could see an ogre.

Vanquished Creatures
  2 hounds
  A jelly (D:5)
  An orc priest (D:4)
  An iguana (D:4)
  3 orc wizards
  9 adders
  3 worms
  16 orcs
  6 ball pythons
  8 endoplasms
  6 giant cockroaches
  7 hobgoblins
  12 quokkas
  10 bats
  3 frilled lizards
  3 goblins
  10 kobolds
  12 rats
113 creatures vanquished.

Vanquished Creatures (others)
  A worm (D:3)
  9 plants (D:3)
10 creatures vanquished.

Grand Total: 123 creatures vanquished

Notes
Turn   | Place    | Note
-------+----------+-------------------------------------------
     0 | D:1      | Aibolit the Hill Orc Fighter began the quest for the Orb.
     0 | D:1      | Reached XP level 1. HP: 19/19 MP: 1/1
    98 | D:1      | Reached XP level 2. HP: 20/27 MP: 2/2
   797 | D:1      | Found a faded altar of an unknown god.
   809 | D:1      | Reached XP level 3. HP: 30/33 MP: 3/3
  1188 | D:2      | Found a broken altar of Ashenzari.
  1503 | D:2      | Reached XP level 4. HP: 38/40 MP: 4/4
  1812 | D:3      | Found a shimmering altar of Xom.
  1949 | D:3      | Found a sacrificial altar of Ru.
  2055 | D:3      | Found a glowing drain.
  2121 | D:3      | Reached XP level 5. HP: 47/47 MP: 5/5
  2172 | D:3      | Learned a level 2 spell: Blink
  2216 | D:3      | Found an ornate altar of the Wu Jian Council.
  2339 | D:3      | Found a glowing silver altar of Zin.
  2572 | D:3      | Found a blossoming altar of Fedhas.
  2732 | D:4      | Reached skill level 5 in Fighting
  2732 | D:4      | Reached XP level 6. HP: 26/56 MP: 6/6
  3190 | D:4      | Found a glowing golden altar of the Shining One.
  3256 | D:4      | Reached skill level 5 in Axes
  3430 | D:4      | Found a burning altar of Makhleb.
  3677 | D:5      | Entered Level 5 of the Dungeon
  3677 | D:5      | Found a staircase to the Ecumenical Temple.
  3696 | D:5      | Reached skill level 5 in Armour
  3696 | D:5      | Reached skill level 5 in Shields
  3701 | Temple   | Entered the Ecumenical Temple
  3805 | Temple   | Became a worshipper of Warmaster Okawaru
  3860 | D:5      | Slain by an ogre

Illustrated notes

Levels and vault maps discovered:
D:1:      onia_arrival_handbag, layout_basic,
          hellmonk_ecumenical_altar_lost_god, nicolae_eternal_life,
          minmay_misc_feat_secret_circle
D:2:      layout_rooms, basic_altar
D:3:      layout_rooms, mainiacjoe_overflow_brackets, zin_treasury,
          hangedman_ru_absence, mainiacjoe_overflow_alcove_4,
          xom_confusion_cloud, gup_sewer_entry_pipe, lexackson_kobold_supper
D:4:      layout_gridville, mainiacjoe_overflow_alcove_1,
          nicolae_tso_carved_into_rock
D:5:      layout_cave_pools, grunt_qazlal_clouds,
          nemelex_xobeh_ov_fountains_minmay, minmay_temple_entry_glass,
          uniq_sigmund
Temple:   nicolae_temple_ecumenical_triangle

Skill      XL: |  1  2  3  4  5  6 |
---------------+-------------------+-----
Axes           | 3 4 5 |  5.3
Fighting       | 4 5 |  5.4
Armour         | 4 5 |  5.0
Shields        | 4 5 |  5.0

Action                   |  1- 3 |  4- 6 || total
-------------------------+-------+-------++-------
Melee: War axe           |    84 |   214 ||   298
  Use: Scroll            |       |     4 ||     4
       Potion            |       |     2 ||     2
Armor: Scale mail        |    38 |   110 ||   148
Dodge: Dodged            |    42 |   108 ||   150
Block: Buckler           |    21 |    41 ||    62
